 Dungeon Crawl Stone Soup version 0.28.0 (webtiles) character file.

Game seed: 4197600091174031093

225 bande the Covered (level 6, 0/38 HPs)
             Began as a Gargoyle Fighter on Feb 11, 2022.
             Slain by Sigmund (4 damage)
             ... on level 4 of the Dungeon on Feb 12, 2022.
             The game lasted 00:04:26 (3720 turns).

bande the Covered (Gargoyle Fighter)                Turns: 3720, Time: 00:04:27

Health: 0/38       AC: 11    Str: 19    XL:     6   Next: 1%
Magic:  6/6        EV:  9    Int:  9    God:
Gold:   189        SH:  4    Dex: 11    Spells: 5/5 levels left

rFire   . . .      SeeInvis .   a - +0 war axe
rCold   . . .      Faith    .   c - +0 buckler
rNeg    + . .      Spirit   .   b - +0 scale mail
rPois   ∞          Reflect  .   (no helmet)
rElec   +          Harm     .   (no cloak)
rCorr   .          Rampage  .   (no gloves)
Will    .....                   (no boots)
Stlth   ..........              (no amulet)
HPRegen 0.12/turn               (no ring)
MPRegen 0.10/turn               (no ring)

@: no status effects
A: sickness immunity, AC +4, negative energy resistance 1, electricity
resistance, torment resistance 1, petrification resistance
a: no special abilities


You were on level 4 of the Dungeon.
You visited 1 branch of the dungeon, and saw 4 of its levels.

You collected 189 gold pieces.

Inventory:

Hand Weapons
 a - a +0 war axe (weapon)
 e - a +0 flail
Armour
 b - a +0 scale mail (worn)
 c - a +0 buckler (worn)
Scrolls
 d - a scroll of teleportation
 f - a scroll of fog
Potions
 g - 2 potions of curing
 h - a potion of berserk rage


   Skills:
 + Level 4.1 Fighting
 + Level 4.0 Axes
 + Level 4.4 Armour
 - Level 0.2 Dodging
 + Level 3.9 Shields


You had 5 spell levels left.
You didn't know any spells.
Your spell library contained the following spells:

 Spells                   Type           Power      Damage    Failure   Level
 Inner Flame              Hex/Fire       0%         N/A       99%         3
 Cause Fear               Hex            0%         N/A       100%        4
 Discord                  Hex            0%         N/A       100%        8


Dungeon Overview and Level Annotations

Branches:
Dungeon (4/15)
 Temple: D:4-7

Altars:
Fedhas
Xom

Shops:
D:2 (

Annotations:
D:4 Sigmund


Innate Abilities, Weirdness & Mutations

You are immune to sickness and miasma.
Your stone body is resilient. (AC +4)
You are immune to poison.
You resist negative energy. (rN+)
You are resistant to electric shocks. (rElec)
You are resistant to unholy torment.
You are immune to petrification.


Message History

Sigmund casts a spell at you. The puff of flame hits you.
Unknown command.
Unknown command.
You're too confused to move!
Sigmund hits you from afar with a +1 scythe of flaming.
Sigmund burns you.
You feel less confused.
Unknown command.
You hit Sigmund.
Sigmund is heavily wounded.
Sigmund barely misses you.
You hit Sigmund.
Sigmund is severely wounded.
Sigmund hits you with a +1 scythe of flaming!
Sigmund burns you.
* * * LOW HITPOINT WARNING * * *
Unknown command.
You slash Sigmund!
Sigmund is almost dead.
Sigmund hits you with a +1 scythe of flaming.
* * * LOW HITPOINT WARNING * * *
Sigmund burns you.
* * * LOW HITPOINT WARNING * * *
Unknown command.
You barely miss Sigmund.
Sigmund is almost dead.
Sigmund gestures at you while chanting. You resist with some effort.
You barely miss Sigmund.
Sigmund is almost dead.
Sigmund zaps a wand.
You resist with some effort.
Unknown command.
You closely miss Sigmund.
Sigmund is almost dead.
Sigmund closely misses you.
You hit Sigmund but do no damage.
Sigmund is almost dead.
Sigmund hits you with a +1 scythe of flaming.
You die...

...... #....... ###
..... #....#.. .. #....
#...##.. #.# ...##
#...##.# #.. ....#
#..#....#
#..###...##..####....
#..##.....## #....
#...#....# #....
#..@@..### #....
###......## ##...
######.......#######...
#.........##..........#
######....###..####.###
#.....##..# #..##
#......#..####...#
##.......#..##....#
#...........#).##..


You could see Sigmund.

Vanquished Creatures
  An ogre (D:4)
  A jelly (D:4)
  4 adders
  2 worms (D:2)
  2 dart slugs
  2 orcs (D:3)
  5 ball pythons
  4 endoplasms (D:1)
  7 giant cockroaches
  8 goblins
  5 hobgoblins
  4 jackals (D:2)
  6 kobolds
  2 quokkas
  5 bats
  4 frilled lizards
  6 rats
68 creatures vanquished.

Notes
Turn   | Place    | Note
-------+----------+-------------------------------------------
     0 | D:1      | bande the Gargoyle Fighter began the quest for the Orb.
     0 | D:1      | Reached XP level 1. HP: 14/14 MP: 1/1
   171 | D:1      | Reached XP level 2. HP: 19/19 MP: 2/2
   483 | D:1      | Reached XP level 3. HP: 23/23 MP: 3/3
  1059 | D:2      | Found a shimmering altar of Xom.
  1573 | D:2      | Reached XP level 4. HP: 28/29 MP: 4/4
  1867 | D:2      | Found Joegelem's Antique Weapon Emporium.
  2652 | D:3      | Found a blossoming altar of Fedhas.
  2736 | D:3      | Found a faded altar of an unknown god.
  3146 | D:3      | Reached XP level 5. HP: 31/33 MP: 5/5
  3203 | D:4      | Noticed an ogre
  3209 | D:4      | Killed an ogre
  3424 | D:4      | Reached XP level 6. HP: 17/38 MP: 6/6
  3701 | D:4      | Noticed Sigmund
  3720 | D:4      | Slain by Sigmund

Illustrated notes

Levels and vault maps discovered:
D:1:      grunt_arrival_crossed_arrows, layout_loops_cross
D:2:      layout_basic, basic_altar, serial_shops, nicolae_shop_window_shopping
D:3:      minmay_octagon_keep, layout_rooms,
          mainiacjoe_overflow_small_starburst,
          shapermc_ecumenical_altar_notcrosses
D:4:      layout_layer_cave, okawaru_metal_pillars_1_2,
          nicolae_ossuary_entry_giza, uniq_sigmund

Skill      XL: |  1  2  3  4  5 |
---------------+----------------+-----
Axes           | 2 3 4 |  4.0
Armour         | 4 |  4.4
Fighting       | 4 |  4.1
Dodging        | |  0.2
Shields        | |  3.9

Action                   |  1- 3 |  4- 6 || total
-------------------------+-------+-------++-------
Melee: War axe           |   107 |   111 ||   218
  Use: Scroll            |       |     6 ||     6
       Potion            |       |     1 ||     1
Armor: Scale mail        |    68 |    76 ||   144
Dodge: Dodged            |    63 |    53 ||   116
Block: Buckler           |    26 |    18 ||    44
